 Dungeon Crawl Stone Soup version 0.28-a0-987-g8383568036 (webtiles) character file.

Game seed: 2604408994530178618

34 27snakeeyes612 the Skirmisher (level 3, 24/24 HPs)
             Began as a Gargoyle Fighter on Nov 25, 2021.
             Got out of the dungeon alive.
             The game lasted 00:02:58 (1171 turns).

27snakeeyes612 the Skirmisher (Gargoyle Fighter)    Turns: 1171, Time: 00:02:59

Health: 24/24      AC: 10    Str: 20    XL:     3   Next: 31%
Magic:  3/3        EV:  9    Int:  8    God:
Gold:   54         SH:  4    Dex:  9    Spells: 2/2 levels left

rFire   . . .      SeeInvis .   a - +0 flail
rCold   . . .      Faith    .   c - +0 buckler
rNeg    + . .      Spirit   .   b - +0 scale mail
rPois   ∞          Reflect  .   (no helmet)
rElec   +          Harm     .   (no cloak)
rCorr   .          Rampage  .   (no gloves)
Will    .....                   (no boots)
Stlth   ..........              (no amulet)
HPRegen 0.08/turn               (no ring)
MPRegen 0.08/turn               (no ring)

@: no status effects
A: sickness immunity, AC +3, negative energy resistance 1, electricity
resistance, torment resistance 1, petrification resistance
a: no special abilities


You escaped.
You visited 1 branch of the dungeon, and saw 1 of its levels.

You collected 54 gold pieces.

Inventory:

Hand Weapons
 a - a +0 flail (weapon)
Armour
 b - a +0 scale mail (worn)
 c - a +0 buckler (worn)
Jewellery
 e - an amulet of regeneration
Scrolls
 f - a scroll of teleportation {unknown}
Potions
 d - a potion of might


   Skills:
 + Level 3.6 Fighting
 + Level 2.7 Maces & Flails
 + Level 3.6 Armour
 + Level 3.6 Shields


You had 2 spell levels left.
You didn't know any spells.
Your spell library contained the following spells:

 Spells                   Type           Power      Damage    Failure   Level
 Animate Dead             Necr           0%         N/A       100%        4
 Haunt                    Necr/Summ      0%         N/A       100%        7
 Infestation              Necr           0%         N/A       100%        8


Dungeon Overview and Level Annotations

Branches:
Dungeon (1/15)

Altars:


Innate Abilities, Weirdness & Mutations

You are immune to sickness and miasma.
Your stone body is resilient. (AC +3)
You are immune to poison.
You resist negative energy. (rN+)
You are resistant to electric shocks. (rElec)
You are resistant to unholy torment.
You are immune to petrification.


Message History

A rat is nearby!
A rat is nearby!
You sock the rat!
You kill the rat!
A dart slug comes into view.
A dart slug is nearby!
A dart slug is nearby!
The dart slug launches a dart at you. The slug dart hits you.
The dart slug bites you but does no damage.
You hit the dart slug.
The dart slug is lightly wounded.
The dart slug launches a dart at you.
The slug dart hits you but does no damage.
You hit the dart slug.
The dart slug is severely wounded.
The dart slug bites you.
You sock the dart slug!
You kill the dart slug!
No target in view!
No target in view!
No target in view!
Found a leather armour.
You see here a +0 club.
Done exploring.
Done exploring.
No target in view!
Welcome back, 27snakeeyes612 the Gargoyle Fighter.
Press ? for a list of commands and other information.
Welcome back, 27snakeeyes612 the Gargoyle Fighter.
Press ? for a list of commands and other information.
Done exploring.
Unknown command.
Unknown command.
There is an open door here.
There is an open door here.
There is an open door here.
There is a staircase leading out of the dungeon here.
Are you sure you want to leave the Dungeon?
This will make you lose the game!
You have escaped!

###### #.# ###.#####....####.##
.....# #.# ##...###...###...###.
####.###.####...###..##..###.....
#.##.........##.##.###.####.##
####.......##..###############.##
#....#....###..#...'...'....'...'
#.##..##..# #.##'###...##'###...#
#.##..##..###.#....##'##....##'##
#.##.#........#.@..#...#.>..#...#
......##......#..).#...#....#...#
#.#####...###.######...######...#
#.# ##.....##....................
#.###.......######.##.#####......
#.##.........####...#.#####.#.#..
...+.........'...................
####.........####...#.#####.#.#..
# ##.......## ##.##.# #.#.##.


There were no monsters in sight!

Vanquished Creatures
  A gnoll (D:1)
  4 dart slugs (D:1)
  A bat (D:1)
  An endoplasm (D:1)
  A giant cockroach (D:1)
  A goblin (D:1)
  2 hobgoblins (D:1)
  2 ball pythons (D:1)
  A kobold (D:1)
  4 rats (D:1)
18 creatures vanquished.

Notes
Turn   | Place    | Note
-------+----------+-------------------------------------------
     0 | D:1      | 27snakeeyes612 the Gargoyle Fighter began the quest for the
                  | Orb.
     0 | D:1      | Reached XP level 1. HP: 14/14 MP: 1/1
   291 | D:1      | Reached XP level 2. HP: 19/19 MP: 2/2
   782 | D:1      | Reached XP level 3. HP: 23/23 MP: 3/3
  1114 | D:1      | Upgraded the game from 0.28-a0-909-g796cbd3a86 to
                  | 0.28-a0-987-g8383568036
  1171 | D:$      | Got out of the dungeon alive.

Illustrated notes

Levels and vault maps discovered:
D:1:      arrival_zaba_pyramid, layout_loops_corners, minmay_pentomino_o2

Action                   || total
-------------------------++-------
Melee: Flail             ||    66
Armor: Scale mail        ||    33
Dodge: Dodged            ||    32
Block: Buckler           ||    10

Table legend: (Time is in decaauts)
 A = Elapsed time spent in this place.
 B = Non-inter-level travel time spent in this place.
 C = Inter-level travel time spent in this place.
 D = Time resting spent in this place.
 E = Time spent auto-exploring this place.
 F = Levels seen in this place.
 G = Mean time per level.
                   A        B        C        D        E       F      G
               +--------+--------+--------+--------+--------+-----+--------+
         Total |   1189 |   1133 |     56 |      0 |    883 |   1 | 1189.0 |
       Dungeon |   1189 |   1133 |     56 |      0 |    883 |   1 | 1189.0 |
               +--------+--------+--------+--------+--------+-----+--------+

Top non-repeatable levels by time:
     D:1: 1189 daAuts
